PA
GALESBURG GUZZLERS @ YELLOWKNIFE DRAGONBLOOD
06/19/2021
 
TOP OF THE 1ST
Galesburg Guzzlers batting - Pitching for Yellowknife Dragonblood : RHP Edward Whipp
Pitching: RHP Edward Whipp
Batting: RHB Javier Vásquez 0-0: Reached on error, E6 (Groundball, 6)
Batting: RHB Ken Dillon 0-0: Called Strike
Javier Vásquez steals 3rd base
0-1: Foul Ball, location: 2F
0-2: Foul Ball, location: 2F
0-2: Strikes out looking
Batting: RHB Roy Herring 0-0: Ball
1-0: Foul Ball, location: 2F
1-1: Called Strike
1-2: Strikes out swinging
Batting: RHB Eric Peterson 0-0: Called Strike
0-1: Ground out 2-3 (Groundball, 2R)
Top of the 1st over - 0 run(s), 0 hit(s), 1 error(s), 1 left on base; Galesburg 0 - Yellowknife 0
BOTTOM OF THE 1ST
Yellowknife Dragonblood batting - Pitching for Galesburg Guzzlers : RHP Charles Logan
Pitching: RHP Charles Logan
Batting: RHB Ángel Arroyo 0-0: Called Strike
0-1: Ball
1-1: Ball
2-1: Foul Ball, location: 2F
2-2: Ball
3-2: Fly out, F9 (Flyball, 9LM)
Batting: LHB Tae-sang Han 0-0: SINGLE (Groundball, 56D)
Batting: SHB Felipe Cisneros 0-0: Ball
1-0: Ball
2-0: Called Strike
2-1: Foul Ball, location: 2F
2-2: Foul Ball, location: 2F
2-2: Strikes out swinging
Batting: LHB Aurelio Aurillo 0-0: Ball
1-0: Ball
2-0: Called Strike
Tae-sang Han steals 2nd base
2-1: SINGLE (Groundball, 6MD)
Tae-sang Han to third
Runner from 3rd tries for Home, SAFE, no throw or cutoff
Batting: LHB Carl Duncan 0-0: Foul Ball, location: 2F
0-1: Ball
1-1: Ball
2-1: Ground out 4-3 (Groundball, 4)
Bottom of the 1st over - 1 run(s), 2 hit(s), 0 error(s), 1 left on base; Galesburg 0 - Yellowknife 1
TOP OF THE 2ND
Galesburg Guzzlers batting - Pitching for Yellowknife Dragonblood : RHP Edward Whipp
Batting: SHB Thomas Sherman 0-0: Called Strike
0-1: Ball
1-1: DOUBLE (Groundball, 3L)
Batting: LHB Carroll Martin 0-0: Ball
1-0: Ball
2-0: Foul Ball, location: 2F
2-1: Swinging Strike
2-2: Strikes out swinging
Batting: LHB Ray Anderson 0-0: Ball
1-0: Ball
2-0: Swinging Strike
2-1: Ball
3-1: Called Strike
3-2: Base on Balls
Batting: RHB Cole McKnight 0-0: Fly out, F7 (Flyball, 78S)
Batting: RHB Mark Vidal 0-0: Ball
1-0: Fly out, F8 (Flyball, 8LM)
Top of the 2nd over - 0 run(s), 1 hit(s), 0 error(s), 2 left on base; Galesburg 0 - Yellowknife 1
BOTTOM OF THE 2ND
Yellowknife Dragonblood batting - Pitching for Galesburg Guzzlers : RHP Charles Logan
Batting: RHB Sancho Balderas 0-0: Called Strike
0-1: Ball
1-1: Foul Ball, location: 2F
1-2: Strikes out swinging
Batting: RHB Miguel Uribe 0-0: Called Strike
0-1: Ball
1-1: Ball
2-1: Called Strike
2-2: Fly out, F8 (Flyball, 8LM)
Batting: RHB Iván Miranda 0-0: Fly out, F8 (Flyball, 8LM)
Bottom of the 2nd over - 0 run(s), 0 hit(s), 0 error(s), 0 left on base; Galesburg 0 - Yellowknife 1
TOP OF THE 3RD
Galesburg Guzzlers batting - Pitching for Yellowknife Dragonblood : RHP Edward Whipp
Batting: RHB Javier Vásquez 0-0: Ground out U3 (Groundball, 3S)
Batting: RHB Ken Dillon 0-0: Ball
1-0: Called Strike
1-1: Called Strike
1-2: Ball
2-2: Strikes out looking
Batting: RHB Roy Herring 0-0: Called Strike
Reached via error on a dropped throw, E3
Batting: RHB Eric Peterson 0-0: Called Strike
0-1: Ball
1-1: Foul Ball, location: 2F
1-2: Foul Ball, location: 2F
1-2: Ball
Wild Pitch!
Roy Herring to second
2-2: Foul Ball, location: 2F
2-2: Ground out 6-3 (Groundball, 6)
Top of the 3rd over - 0 run(s), 0 hit(s), 1 error(s), 1 left on base; Galesburg 0 - Yellowknife 1
BOTTOM OF THE 3RD
Yellowknife Dragonblood batting - Pitching for Galesburg Guzzlers : RHP Charles Logan
Batting: RHB Héctor Ruíz 0-0: Ground out 1-3 (Groundball, 25)
Batting: RHB Ángel Arroyo 0-0: Ball
1-0: Ball
2-0: Ball
3-0: Called Strike
3-1: Foul Ball, location: 2F
3-2: Foul Ball, location: 2F
3-2: Fly out, F3 (Popup, 3F)
Batting: LHB Tae-sang Han 0-0: Fly out, F7 (Flyball, 7D)
Bottom of the 3rd over - 0 run(s), 0 hit(s), 0 error(s), 0 left on base; Galesburg 0 - Yellowknife 1
TOP OF THE 4TH
Galesburg Guzzlers batting - Pitching for Yellowknife Dragonblood : RHP Edward Whipp
Batting: SHB Thomas Sherman 0-0: Fly out, F5 (Popup, 25)
Batting: LHB Carroll Martin 0-0: Ball
1-0: Foul Ball, location: 2F
1-1: Ground out 4-3 (Groundball, 4)
Batting: LHB Ray Anderson 0-0: Foul Ball, location: 2F
0-1: Swinging Strike
0-2: Strikes out looking
Top of the 4th over - 0 run(s), 0 hit(s), 0 error(s), 0 left on base; Galesburg 0 - Yellowknife 1
BOTTOM OF THE 4TH
Yellowknife Dragonblood batting - Pitching for Galesburg Guzzlers : RHP Charles Logan
Batting: SHB Felipe Cisneros 0-0: Ball
1-0: Called Strike
1-1: Foul Ball, location: 2F
1-2: Strikes out looking
Batting: LHB Aurelio Aurillo 0-0: Ball
1-0: Foul Ball, location: 2F
1-1: Foul Ball, location: 2F
1-2: SINGLE (Groundball, 3D)
Batting: LHB Carl Duncan 0-0: Ball
1-0: Ball
2-0: SINGLE (Groundball, 4M)
Aurelio Aurillo to second
Batting: RHB Sancho Balderas 0-0: Ball
1-0: Called Strike
1-1: Swinging Strike
1-2: Ball
2-2: Foul Ball, location: 2F
2-2: Foul Ball, location: 2F
2-2: Fielders Choice at 3rd, U5 (Groundball, 5L)
Carl Duncan to second
Batting: RHB Miguel Uribe 0-0: Ball
1-0: Foul Ball, location: 2F
1-1: Foul Ball, location: 2F
1-2: Foul Ball, location: 2F
1-2: Ball
2-2: Strikes out swinging
Bottom of the 4th over - 0 run(s), 2 hit(s), 0 error(s), 2 left on base; Galesburg 0 - Yellowknife 1
TOP OF THE 5TH
Galesburg Guzzlers batting - Pitching for Yellowknife Dragonblood : RHP Edward Whipp
Batting: RHB Cole McKnight 0-0: Ball
1-0: Swinging Strike
1-1: Ball
2-1: Ball
3-1: Foul Ball, location: 2F
3-2: Foul Ball, location: 2F
3-2: SINGLE (Flyball, 7LM)
Batting: RHB Mark Vidal 0-0: Bunted foul
0-1: Sac Bunt - play at first, batter OUT! 3-4
Cole McKnight to second
Batting: RHB Javier Vásquez 0-0: Fly out, F6 (Line Drive, 6)
Batting: RHB Ken Dillon 0-0: Ball
1-0: Called Strike
1-1: Swinging Strike
1-2: Ball
2-2: Strikes out swinging
Top of the 5th over - 0 run(s), 1 hit(s), 0 error(s), 1 left on base; Galesburg 0 - Yellowknife 1
BOTTOM OF THE 5TH
Yellowknife Dragonblood batting - Pitching for Galesburg Guzzlers : RHP Charles Logan
Batting: RHB Iván Miranda 0-0: Called Strike
0-1: Foul Ball, location: 2F
0-2: Ball
1-2: Fly out, F5 (Popup, 5SF)
Batting: RHB Héctor Ruíz 0-0: Ball
1-0: Ball
2-0: Foul Ball, location: 2F
2-1: Fly out, F9 (Line Drive, 89S)
Batting: RHB Ángel Arroyo 0-0: Ball
1-0: Called Strike
1-1: Called Strike
1-2: Foul Ball, location: 2F
1-2: Strikes out swinging
Bottom of the 5th over - 0 run(s), 0 hit(s), 0 error(s), 0 left on base; Galesburg 0 - Yellowknife 1
TOP OF THE 6TH
Galesburg Guzzlers batting - Pitching for Yellowknife Dragonblood : RHP Edward Whipp
Batting: RHB Roy Herring 0-0: Called Strike
0-1: Ball
1-1: Swinging Strike
1-2: Ball
2-2: Foul Ball, location: 2F
2-2: Foul Ball, location: 2F
2-2: Foul Ball, location: 2F
2-2: Ball
3-2: SINGLE (Line Drive, 7S)
Batting: RHB Eric Peterson 0-0: Called Strike
0-1: Swinging Strike
0-2: Hit by Pitch
Roy Herring to second
Batting: SHB Thomas Sherman 0-0: Called Strike
0-1: SINGLE (Line Drive, 9LS)
Roy Herring to third
Eric Peterson to second
Batting: LHB Carroll Martin 0-0: Swinging Strike
0-1: Fly out, F8 (Flyball, 8RS)
Batting: LHB Ray Anderson 0-0: Ball
1-0: Ball
2-0: Foul Ball, location: 2F
2-1: Foul Ball, location: 2F
2-2: Fly out, F8 (Line Drive, 8RS)
Batting: RHB Cole McKnight 0-0: Ball
1-0: Ball
2-0: Swinging Strike
2-1: SINGLE (Line Drive, 6M)
Roy Herring scores
Eric Peterson to third
Thomas Sherman to second
Runner from 3rd tries for Home, SAFE, no throw or cutoff
Batting: RHB Mark Vidal 0-0: Ball
1-0: Fielders Choice at 2nd, U4 (Groundball, 4M)
Top of the 6th over - 2 run(s), 3 hit(s), 0 error(s), 2 left on base; Galesburg 2 - Yellowknife 1
BOTTOM OF THE 6TH
Yellowknife Dragonblood batting - Pitching for Galesburg Guzzlers : RHP Charles Logan
Batting: LHB Tae-sang Han 0-0: Called Strike
0-1: SINGLE (Groundball, 4M)
Batting: SHB Felipe Cisneros Pickoff Throw to First - Out!
0-0: Ball
1-0: Called Strike
1-1: Ball
2-1: Ball
3-1: Base on Balls
Batting: LHB Aurelio Aurillo 0-0: Called Strike
0-1: Foul Ball, location: 2F
0-2: Fly out, F8 (Flyball, 8LM)
Batting: LHB Carl Duncan 0-0: Called Strike
0-1: Ball
1-1: Swinging Strike
1-2: Strikes out looking
Bottom of the 6th over - 0 run(s), 1 hit(s), 0 error(s), 1 left on base; Galesburg 2 - Yellowknife 1
TOP OF THE 7TH
Galesburg Guzzlers batting - Pitching for Yellowknife Dragonblood : RHP Edward Whipp
Batting: RHB Javier Vásquez 0-0: Called Strike
0-1: Ball
1-1: Swinging Strike
1-2: Ball
2-2: Ball
3-2: Ground out 1-3 (Groundball, 13)
Batting: RHB Ken Dillon 0-0: Called Strike
0-1: Ball
1-1: Ball
2-1: Called Strike
2-2: Foul Ball, location: 2F
2-2: Foul Ball, location: 2F
2-2: Foul Ball, location: 2F
2-2: Foul Ball, location: 2F
2-2: Strikes out looking
Batting: RHB Roy Herring 0-0: Ball
1-0: Swinging Strike
1-1: Foul Ball, location: 2F
1-2: Ball
2-2: Ground out 5-3 (Groundball, 56)
Top of the 7th over - 0 run(s), 0 hit(s), 0 error(s), 0 left on base; Galesburg 2 - Yellowknife 1
BOTTOM OF THE 7TH
Yellowknife Dragonblood batting - Pitching for Galesburg Guzzlers : RHP Charles Logan
Batting: RHB Sancho Balderas 0-0: Called Strike
0-1: Foul Ball, location: 2F
0-2: Ground out 6-3 (Groundball, 6M)
Batting: RHB Miguel Uribe 0-0: SINGLE (Groundball, 34)
Pinch Hitting: LHB Gabriel Córdova 0-0: Swinging Strike
0-1: Ball
1-1: Ball
2-1: Ball
Wild Pitch!
Miguel Uribe to second
3-1: Called Strike
3-2: Fly out, F6 (Popup, 5D)
Batting: RHB Héctor Ruíz 0-0: Ball
1-0: Fly out, F7 (Flyball, 7M)
Bottom of the 7th over - 0 run(s), 1 hit(s), 0 error(s), 1 left on base; Galesburg 2 - Yellowknife 1
TOP OF THE 8TH
Galesburg Guzzlers batting - Pitching for Yellowknife Dragonblood : RHP Edward Whipp
Now at 2B: Jesús Hernández
Batting: RHB Eric Peterson 0-0: Foul Ball, location: 2F
0-1: Fly out, F7 (Flyball, 7LM)
Batting: SHB Thomas Sherman 0-0: Fly out, F8 (Flyball, 8LS)
Batting: LHB Carroll Martin 0-0: Ground out U3 (Groundball, 3L)
Top of the 8th over - 0 run(s), 0 hit(s), 0 error(s), 0 left on base; Galesburg 2 - Yellowknife 1
BOTTOM OF THE 8TH
Yellowknife Dragonblood batting - Pitching for Galesburg Guzzlers : RHP Charles Logan
Now at C: Jack Sloan
Now in LF: Daniel Ybarra
Batting: RHB Ángel Arroyo 0-0: Ball
1-0: Called Strike
1-1: SINGLE (Groundball, 6MD)
Batting: LHB Tae-sang Han 0-0: Sac Bunt - play at first, batter OUT! 3-4
Ángel Arroyo to second
Batting: SHB Felipe Cisneros 0-0: Ball
1-0: Foul Ball, location: 2F
1-1: Called Strike
1-2: Ball
2-2: Ball
3-2: Ground out 4-3 (Groundball, 4)
Ángel Arroyo to third
Pitching: RHP Luis Hernández
Batting: LHB Aurelio Aurillo 0-0: Ball
1-0: Called Strike
1-1: Swinging Strike
1-2: SINGLE (Groundball, 34D)
Ángel Arroyo scores
Batting: LHB Carl Duncan 0-0: Ball
1-0: Ball
2-0: Reached on Error, E7 (Line Drive, 7M)
Aurelio Aurillo to third
Batting: RHB Sancho Balderas 0-0: Called Strike
0-1: Ball
1-1: Fly out, F4 (Line Drive, 34D)
Bottom of the 8th over - 1 run(s), 2 hit(s), 1 error(s), 2 left on base; Galesburg 2 - Yellowknife 2
TOP OF THE 9TH
Galesburg Guzzlers batting - Pitching for Yellowknife Dragonblood : RHP Edward Whipp
Pitching: RHP Jesús Chután
Pinch Hitting: LHB Torquato Villani 0-0: Ball
1-0: SINGLE (Groundball, 56D)
Batting: RHB Cole McKnight 0-0: Ball
1-0: Ball
2-0: Called Strike
2-1: Foul Ball, location: 2F
2-2: Fly out, F9 (Flyball, 9LS)
Pinch Hitting: LHB Jerry Mitchell 0-0: Ball
1-0: SINGLE (Groundball, 4)
Torquato Villani to second
Runner from 2nd tries for 3rd, SAFE, no throw or cutoff
Batting: RHB Javier Vásquez 0-0: Called Strike
Jerry Mitchell steals 2nd base
0-1: Swinging Strike
0-2: Ball
1-2: Foul Ball, location: 2F
1-2: Ball
2-2: Ball
3-2: Intentional Walk
Batting: RHB Ken Dillon 0-0: Called Strike
0-1: Foul Ball, location: 2F
0-2: Ball
1-2: Strikes out looking
Batting: RHB Roy Herring 0-0: Ball
1-0: Ball
2-0: Foul Ball, location: 2F
2-1: Swinging Strike
2-2: Strikes out swinging
Top of the 9th over - 0 run(s), 2 hit(s), 0 error(s), 3 left on base; Galesburg 2 - Yellowknife 2
BOTTOM OF THE 9TH
Yellowknife Dragonblood batting - Pitching for Galesburg Guzzlers : RHP Luis Hernández
Now in LF: Torquato Villani
Now in RF: Jerry Mitchell
Pinch Hitting: RHB Roberto Vázquez 0-0: Called Strike
0-1: Ground out 6-3 (Groundball, 6M)
Pinch Hitting: RHB Rodriguo Condea 0-0: Called Strike
0-1: Ball
1-1: Swinging Strike
1-2: Strikes out looking
Batting: RHB Héctor Ruíz 0-0: Ball
1-0: Fly out, F8 (Flyball, 8LS)
Bottom of the 9th over - 0 run(s), 0 hit(s), 0 error(s), 0 left on base; Galesburg 2 - Yellowknife 2
TOP OF THE 10TH
Galesburg Guzzlers batting - Pitching for Yellowknife Dragonblood : RHP Jesús Chután
Now at 2B: Roberto Vázquez
Now in RF: Javier De Jesús
Pinch Hitting: RHB José Canó 0-0: Fly out, F7 (Flyball, 7D)
Batting: RHB Jack Sloan 0-0: Ball
1-0: DOUBLE (Flyball, 89M)
Batting: LHB Carroll Martin 0-0: Called Strike
0-1: SINGLE (Groundball, 3D)
Jack Sloan to third
Runner from 3rd tries for Home, SAFE, no throw or cutoff
Batting: LHB Torquato Villani 0-0: Called Strike
0-1: Called Strike
0-2: Foul Ball, location: 2F
0-2: Ball
Carroll Martin steals 2nd base
1-2: Ball
2-2: Foul Ball, location: 2F
2-2: Ground out U3 (Groundball, 3)
Carroll Martin to third
Pitching: RHP Ryan Bentley
Batting: RHB Cole McKnight 0-0: Ball
1-0: Ball
Wild Pitch!
Carroll Martin scores
2-0: Called Strike
2-1: Called Strike
2-2: Foul Ball, location: 2F
2-2: Strikes out swinging
Top of the 10th over - 2 run(s), 2 hit(s), 0 error(s), 0 left on base; Galesburg 4 - Yellowknife 2
BOTTOM OF THE 10TH
Yellowknife Dragonblood batting - Pitching for Galesburg Guzzlers : RHP Luis Hernández
Pitching: RHP Rick Brewer
Now at SS: José Canó
Batting: RHB Ángel Arroyo 0-0: Ground out 6-3 (Groundball, 6)
Batting: LHB Tae-sang Han 0-0: Called Strike
0-1: Fly out, F8 (Flyball, 78XD)
Batting: SHB Felipe Cisneros 0-0: Swinging Strike
0-1: Called Strike
0-2: Foul Ball, location: 2F
0-2: Ball
1-2: Ball
2-2: Ball
3-2: Base on Balls
Batting: LHB Aurelio Aurillo 0-0: Ball
1-0: Called Strike
1-1: Swinging Strike
1-2: Foul Ball, location: 2F
1-2: Ball
2-2: Strikes out swinging
Bottom of the 10th over - 0 run(s), 0 hit(s), 0 error(s), 1 left on base; Galesburg 4 - Yellowknife 2
This league is powered by Out of the Park Baseball, the baseball management simulation game for PC, Mac and Linux
Friday, January 22nd, 2016 - OOTP Baseball 16.9 Build 39